SL
FT. WORTH CATTLEMEN @ ST. LOUIS COEUR
07/18/2041
 
TOP OF THE 1ST
Ft. Worth Cattlemen batting - Pitching for St. Louis Coeur : RHP Ernesto López
Pitching: RHP Ernesto López
Batting: RHB Dennis Wacher 0-0: Foul Ball, location: 2F
0-1: Called Strike
0-2: Strikes out swinging
Batting: LHB Semo Hoaloha 0-0: Fly out, F8 (Flyball, 8RM, EV 95.0 MPH)
Batting: LHB Craig Woods 0-0: Called Strike
0-1: Called Strike
0-2: Foul Ball, location: 2F
0-2: Ball
1-2: Foul Ball, location: 2F
1-2: Ball
2-2: Strikes out swinging
Top of the 1st over - 0 runs, 0 hits, 0 errors, 0 left on base; Ft. Worth 0 - St. Louis 0
BOTTOM OF THE 1ST
St. Louis Coeur batting - Pitching for Ft. Worth Cattlemen : LHP Allen Werner
Pitching: LHP Allen Werner
Batting: RHB Guillermo Coss 0-0: Swinging Strike
0-1: Ball
1-1: Fly out, F5 (Flyball, 5D, EV 93.1 MPH)
Batting: RHB Nobuhisa Murakami 0-0: SINGLE (Line Drive, 78S, EV 108.8 MPH)
Batting: RHB Jaime Soto 0-0: Swinging Strike
0-1: Ball
1-1: Ball
2-1: TRIPLE (Flyball, 89XD, EV 100.0 MPH)
Nobuhisa Murakami scores
Batting: LHB Qing-nian Zexian 0-0: Ball
1-0: SINGLE (Groundball, 34D, EV 108.8 MPH)
Jaime Soto scores
Batting: RHB Joe Mueller 0-0: Called Strike
0-1: Ball
1-1: Ball
2-1: Ball
3-1: Grounds into double play, 6-4-3 (Groundball, 6, EV 88.8 MPH)
Bottom of the 1st over - 2 runs, 3 hits, 0 errors, 0 left on base; Ft. Worth 0 - St. Louis 2
TOP OF THE 2ND
Ft. Worth Cattlemen batting - Pitching for St. Louis Coeur : RHP Ernesto López
Batting: SHB Kolby Hay 0-0: Ball
1-0: SINGLE (Line Drive, 78M, EV 92.5 MPH)
Batting: RHB Derek Bangert 0-0: Ball
Kolby Hay is caught stealing 2nd base 2-4
1-0: DOUBLE (Line Drive, 89M, EV 93.1 MPH) - OUT at third base trying to stretch hit.
Batting: LHB Count Dante 0-0: Called Strike
0-1: Ball
1-1: Ball
2-1: Ball
3-1: Foul Ball, location: 2F
3-2: Base on Balls
Batting: RHB Tsuneari Hirano 0-0: Called Strike
0-1: Ball
1-1: Foul Ball, location: 2F
1-2: Foul Ball, location: 2F
1-2: Strikes out swinging
Top of the 2nd over - 0 runs, 2 hits, 0 errors, 1 left on base; Ft. Worth 0 - St. Louis 2
BOTTOM OF THE 2ND
St. Louis Coeur batting - Pitching for Ft. Worth Cattlemen : LHP Allen Werner
Batting: RHB Joel Iyiegbuniwe 0-0: Ball
1-0: Called Strike
1-1: Called Strike
1-2: DOUBLE (Line Drive, 9LM, EV 99.4 MPH)
Batting: LHB Tillmam Cru 0-0: Ball
1-0: Foul Ball, location: 2F
1-1: Foul Ball, location: 2F
1-2: Ball
2-2: Ball
3-2: Ground out 4-3 (Groundball, 4, EV 104.4 MPH)
Joel Iyiegbuniwe to third
Batting: RHB Ik-jun Cho 0-0: Called Strike
Steal of home, Joel Iyiegbuniwe is safe
0-1: Swinging Strike
0-2: SINGLE (Line Drive, 56, EV 103.8 MPH)
Batting: RHB Jack Bonner 0-0: Foul Ball, location: 2F
0-1: SINGLE (Groundball, 6MD, EV 98.1 MPH)
Ik-jun Cho to second
Runner from 2nd tries for 3rd, SAFE, no throw by CF
Batting: RHB Guillermo Coss 0-0: Called Strike
0-1: Foul Ball, location: 2F
0-2: Ball
1-2: Ball
2-2: Fly out, F8 (Flyball, 89D, EV 91.9 MPH)
Runner from 3rd tags up, SCORES, no throw by CF
Batting: RHB Nobuhisa Murakami 0-0: Ball
1-0: Ball
2-0: Ball
3-0: Foul Ball, location: 2F
3-1: Base on Balls
Jack Bonner to second
Batting: RHB Jaime Soto 0-0: Called Strike
0-1: Ground out 4-3 (Groundball, 4, EV 76.9 MPH)
Bottom of the 2nd over - 2 runs, 3 hits, 0 errors, 2 left on base; Ft. Worth 0 - St. Louis 4
TOP OF THE 3RD
Ft. Worth Cattlemen batting - Pitching for St. Louis Coeur : RHP Ernesto López
Batting: RHB Min-gook Ch'oe 0-0: Ball
1-0: Ball
2-0: Ball
3-0: Fly out, F3 (Popup, 3, EV 78.1 MPH)
Batting: RHB Jesús Torres 0-0: Hit by Pitch
Batting: RHB Dennis Wacher 0-0: Ball
1-0: Grounds into double play, 6-4-3 (Groundball, 6, EV 88.1 MPH)
Top of the 3rd over - 0 runs, 0 hits, 0 errors, 0 left on base; Ft. Worth 0 - St. Louis 4
BOTTOM OF THE 3RD
St. Louis Coeur batting - Pitching for Ft. Worth Cattlemen : LHP Allen Werner
Batting: LHB Qing-nian Zexian 0-0: Called Strike
0-1: Foul Ball, location: 2F
0-2: Foul Ball, location: 2F
0-2: Ball
1-2: Ball
2-2: SINGLE (Line Drive, 7S, EV 109.4 MPH)
Batting: RHB Joe Mueller 0-0: Swinging Strike
0-1: Foul Ball, location: 2F
0-2: Ball
Passed Ball!
Qing-nian Zexian to second
1-2: Fly out, F7 (Flyball, 78M, EV 83.8 MPH)
Batting: RHB Joel Iyiegbuniwe 0-0: Ball
1-0: Ball
2-0: Ball
Balk!
Qing-nian Zexian to third
3-0: Base on Balls
Batting: LHB Tillmam Cru 0-0: Called Strike
0-1: Called Strike
0-2: Strikes out swinging
Batting: RHB Ik-jun Cho 0-0: Ball
1-0: 3-RUN HOME RUN (Flyball, 78XD, EV 98.8 MPH), Distance : 429 ft
Pitching: RHP Vicente Durango
Batting: RHB Jack Bonner 0-0: Called Strike
0-1: Foul Ball, location: 2F
0-2: SINGLE (Flyball, 7LS, EV 94.4 MPH)
Batting: RHB Guillermo Coss 0-0: Ball
1-0: Foul Ball, location: 2F
1-1: Ground out 4-3 (Groundball, 4, EV 101.9 MPH)
Bottom of the 3rd over - 3 runs, 3 hits, 0 errors, 1 left on base; Ft. Worth 0 - St. Louis 7
TOP OF THE 4TH
Ft. Worth Cattlemen batting - Pitching for St. Louis Coeur : RHP Ernesto López
Batting: LHB Semo Hoaloha 0-0: Ball
1-0: Ball
2-0: Called Strike
2-1: SINGLE (Groundball, 34D, EV 100.6 MPH)
Batting: LHB Craig Woods 0-0: Called Strike
0-1: Swinging Strike
0-2: Ball
1-2: Strikes out swinging
Batting: SHB Kolby Hay 0-0: Swinging Strike
0-1: Foul Ball, location: 2F
0-2: Strikes out swinging
Batting: RHB Derek Bangert 0-0: Called Strike
0-1: Ball
1-1: Fly out, F8 (Flyball, 8LD, EV 90.0 MPH)
Top of the 4th over - 0 runs, 1 hit, 0 errors, 1 left on base; Ft. Worth 0 - St. Louis 7
BOTTOM OF THE 4TH
St. Louis Coeur batting - Pitching for Ft. Worth Cattlemen : RHP Vicente Durango
Batting: RHB Nobuhisa Murakami 0-0: Ball
1-0: Called Strike
1-1: Swinging Strike
1-2: Foul Ball, location: 2F
1-2: Ball
2-2: Ball
3-2: Base on Balls
Batting: RHB Jaime Soto 0-0: Foul Ball, location: 2F
0-1: Ball
1-1: Ball
2-1: Foul Ball, location: 2F
2-2: Foul Ball, location: 2F
2-2: Fielders Choice at 2nd, 6-4 (Groundball, 6, EV 80.0 MPH)
Batting: LHB Qing-nian Zexian 0-0: Called Strike
0-1: Foul Ball, location: 2F
0-2: Ball
1-2: Ball
2-2: Fly out, F7 (Line Drive, 7D, EV 94.4 MPH)
Batting: RHB Joe Mueller 0-0: Ball
1-0: Called Strike
1-1: Called Strike
1-2: Foul Ball, location: 2F
1-2: Ball
2-2: Foul Ball, location: 2F
2-2: Fly out, F4 (Line Drive, 4, EV 76.2 MPH)
Bottom of the 4th over - 0 runs, 0 hits, 0 errors, 1 left on base; Ft. Worth 0 - St. Louis 7
TOP OF THE 5TH
Ft. Worth Cattlemen batting - Pitching for St. Louis Coeur : RHP Ernesto López
Batting: LHB Count Dante 0-0: Fly out, F8 (Flyball, 8LD, EV 100.6 MPH)
Batting: RHB Tsuneari Hirano 0-0: Ball
1-0: Fly out, F7 (Flyball, 78M, EV 88.1 MPH)
Batting: RHB Min-gook Ch'oe 0-0: Called Strike
0-1: Foul Ball, location: 2F
0-2: Ball
1-2: Strikes out swinging
Top of the 5th over - 0 runs, 0 hits, 0 errors, 0 left on base; Ft. Worth 0 - St. Louis 7
BOTTOM OF THE 5TH
St. Louis Coeur batting - Pitching for Ft. Worth Cattlemen : RHP Vicente Durango
Batting: RHB Joel Iyiegbuniwe 0-0: Swinging Strike
0-1: Foul Ball, location: 2F
0-2: Strikes out looking
Batting: LHB Tillmam Cru 0-0: Fly out, F5 (Popup, 5, EV 64.4 MPH)
Batting: RHB Ik-jun Cho 0-0: Ball
1-0: Called Strike
1-1: Foul Ball, location: 2F
1-2: Ball
2-2: Ball
3-2: Fly out, F8 (Flyball, 8RM, EV 77.5 MPH)
Bottom of the 5th over - 0 runs, 0 hits, 0 errors, 0 left on base; Ft. Worth 0 - St. Louis 7
TOP OF THE 6TH
Ft. Worth Cattlemen batting - Pitching for St. Louis Coeur : RHP Ernesto López
Batting: RHB Jesús Torres 0-0: Ball
1-0: Foul Ball, location: 2F
1-1: Foul Ball, location: 2F
1-2: Foul Ball, location: 2F
1-2: Foul Ball, location: 2F
1-2: Strikes out swinging
Batting: RHB Dennis Wacher 0-0: Fly out, F9 (Flyball, 9D, EV 99.4 MPH)
Batting: LHB Semo Hoaloha 0-0: SOLO HOME RUN (Flyball, 9D, EV 106.2 MPH), Distance : 398 ft
Batting: LHB Craig Woods 0-0: Ball
1-0: Foul Ball, location: 2F
1-1: Foul Ball, location: 2F
1-2: Ball
2-2: Ball
3-2: Base on Balls
Batting: SHB Kolby Hay 0-0: Called Strike
0-1: Ball
1-1: Fly out, F7 (Flyball, 7LS, EV 75.6 MPH)
Top of the 6th over - 1 run, 1 hit, 0 errors, 1 left on base; Ft. Worth 1 - St. Louis 7
BOTTOM OF THE 6TH
St. Louis Coeur batting - Pitching for Ft. Worth Cattlemen : RHP Vicente Durango
Batting: RHB Jack Bonner 0-0: Ball
1-0: Swinging Strike
1-1: Called Strike
1-2: Ball
2-2: Foul Ball, location: 2F
2-2: Strikes out looking
Pitching: RHP Hiroaki Kouda
Batting: RHB Guillermo Coss 0-0: Called Strike
0-1: Ground out 5-3 (Groundball, 56, EV 79.4 MPH)
Batting: RHB Nobuhisa Murakami 0-0: Swinging Strike
0-1: Ball
1-1: Ball
2-1: Ground out 6-3 (Groundball, 6, EV 101.9 MPH)
Bottom of the 6th over - 0 runs, 0 hits, 0 errors, 0 left on base; Ft. Worth 1 - St. Louis 7
TOP OF THE 7TH
Ft. Worth Cattlemen batting - Pitching for St. Louis Coeur : RHP Ernesto López
Batting: RHB Derek Bangert 0-0: Ball
1-0: Called Strike
1-1: Ball
2-1: Swinging Strike
2-2: Ground out 5-3 (Groundball, 5, EV 86.9 MPH)
Batting: LHB Count Dante 0-0: Called Strike
0-1: Ball
1-1: Ball
2-1: Swinging Strike
2-2: Ball
3-2: Strikes out looking
Batting: RHB Tsuneari Hirano 0-0: Called Strike
0-1: Swinging Strike
0-2: Ground out 6-3 (Groundball, 6, EV 86.9 MPH)
Top of the 7th over - 0 runs, 0 hits, 0 errors, 0 left on base; Ft. Worth 1 - St. Louis 7
BOTTOM OF THE 7TH
St. Louis Coeur batting - Pitching for Ft. Worth Cattlemen : RHP Hiroaki Kouda
Batting: RHB Jaime Soto 0-0: Ball
1-0: Ball
2-0: Ball
3-0: Base on Balls
Batting: LHB Qing-nian Zexian 0-0: Ball
1-0: Foul Ball, location: 2F
1-1: Foul Ball, location: 2F
1-2: Ball
2-2: Strikes out swinging
Batting: RHB Joe Mueller 0-0: Called Strike
0-1: Swinging Strike
0-2: Ball
1-2: Ball
2-2: DOUBLE (Groundball, 5L, EV 110.0 MPH)
Jaime Soto to third
Batting: RHB Joel Iyiegbuniwe 0-0: Ball
1-0: Ball
2-0: Called Strike
2-1: SINGLE (Groundball, 6MD, EV 96.2 MPH)
Jaime Soto scores
Joe Mueller to third
Runner from 3rd tries for Home, SAFE, throw by CF to home
Batting: LHB Tillmam Cru 0-0: Called Strike
0-1: Ball
1-1: Foul Ball, location: 2F
1-2: Foul Ball, location: 2F
1-2: Strikes out swinging
Batting: RHB Ik-jun Cho 0-0: Called Strike
0-1: Foul Ball, location: 2F
0-2: Fielders Choice at 2nd, 6-4 (Groundball, 6, EV 84.4 MPH)
Bottom of the 7th over - 2 runs, 2 hits, 0 errors, 1 left on base; Ft. Worth 1 - St. Louis 9
TOP OF THE 8TH
Ft. Worth Cattlemen batting - Pitching for St. Louis Coeur : RHP Ernesto López
Batting: RHB Min-gook Ch'oe 0-0: Called Strike
0-1: Ball
1-1: Ball
2-1: Ground out 5-3 (Groundball, 56, EV 108.1 MPH)
Batting: RHB Jesús Torres 0-0: Ball
1-0: Ball
2-0: Foul Ball, location: 2F
2-1: Swinging Strike
2-2: Foul Ball, location: 2F
2-2: SINGLE (Groundball, 56D, EV 96.2 MPH)
Batting: RHB Dennis Wacher 0-0: Grounds into double play, 5-4-3 (Groundball, 56, EV 108.1 MPH)
Top of the 8th over - 0 runs, 1 hit, 0 errors, 0 left on base; Ft. Worth 1 - St. Louis 9
BOTTOM OF THE 8TH
St. Louis Coeur batting - Pitching for Ft. Worth Cattlemen : RHP Hiroaki Kouda
Pitching: RHP WyDale Curry
Batting: RHB Jack Bonner 0-0: Fly out, F6 (Popup, 6MS, EV 72.5 MPH)
Pinch Hitting: RHB Chris McBride 0-0: Called Strike
0-1: Foul Ball, location: 2F
0-2: Ball
1-2: SINGLE (Groundball, 34D, EV 95.6 MPH)
Batting: RHB Nobuhisa Murakami 0-0: Ball
1-0: Swinging Strike
1-1: Swinging Strike
1-2: Grounds into double play, 4-6-3 (Groundball, 4, EV 83.1 MPH)
Bottom of the 8th over - 0 runs, 1 hit, 0 errors, 0 left on base; Ft. Worth 1 - St. Louis 9
TOP OF THE 9TH
Ft. Worth Cattlemen batting - Pitching for St. Louis Coeur : RHP Ernesto López
Now at 3B: Chris McBride
Batting: LHB Semo Hoaloha 0-0: SINGLE (Line Drive, 6M, EV 99.4 MPH)
Pitching: RHP Arturo Gramer
Batting: LHB Craig Woods 0-0: Ball
1-0: Ball
2-0: Fielders Choice at 2nd, 3-6 (Groundball, 3, EV 78.8 MPH)
Batting: SHB Kolby Hay 0-0: Ball
1-0: Foul Ball, location: 2F
1-1: Swinging Strike
1-2: Ball
2-2: Ball
3-2: Foul Ball, location: 2F
3-2: Foul Ball, location: 2F
3-2: Foul Ball, location: 2F
3-2: Foul Ball, location: 2F
3-2: Foul Ball, location: 2F
3-2: Fielders Choice at 2nd, 3-6 (Groundball, 34, EV 98.8 MPH)
Batting: RHB Derek Bangert 0-0: Ball
1-0: Ball
2-0: Ball
3-0: Fly out, F9 (Flyball, 9S, EV 88.1 MPH)
Top of the 9th over - 0 runs, 1 hit, 0 errors, 1 left on base; Ft. Worth 1 - St. Louis 9
Tuesday, January 5th, 2021 - OOTP Baseball 20.8 Build 74